 Dungeon Crawl Stone Soup version 0.16-a0-3699-g1c51eb1 (webtiles) character file.

1285 Gorice the Cutter (level 8, 0/60 HPs)
             Began as a Demigod Wanderer on Jan 18, 2015.
             Slain by a killer bee zombie (8 damage)
             ... on level 5 of the Dungeon.
             The game lasted 00:32:47 (4598 turns).

Gorice the Cutter (Demigod Wanderer)                Turns: 4598, Time: 00:32:48

Health: 0/60       AC: -3    Str: 18    XL:     8   Next: 8%
Magic:  14/14      EV: 17    Int: 16    God:
Gold:   239        SH:  0    Dex: 21    Spells: 0 memorised, 7 levels left

rFire  . . .     SeeInvis .     a - +3 short sword
rCold  . . .     Clarity  .     m - +1 ring mail
rNeg   . . .     SustAb   +     (no shield)
rPois  .         Gourm    .     y - +0 helmet
rElec  .         Spirit   .     w - +2 cloak
rCorr  .         Warding  .     (no gloves)
rMut   .         Stasis   .     (no boots)
MR     .....                    (no amulet)
Stlth  +++.......               (no ring)
                                B - ring of stealth

@: agile, about to teleport, corroded equipment, hasted, very quick, not
resistant to hostile enchantments, fairly stealthy
A: sustain abilities
a: no special abilities


You were on level 5 of the Dungeon.
You were hungry.

You visited 1 branch of the dungeon, and saw 5 of its levels.
You also visited: Sewer.

You collected 239 gold pieces.

Inventory:

Hand weapons
 a - a +3 short sword (weapon)
 b - a +0 hunting sling
 v - a +1 dagger of venom
   (You took it off an orc on level 3 of the Dungeon)
 x - a cursed -3 shortbow
 G - a +2 dagger of speed
   (You took it off an orc wizard on level 4 of the Dungeon)
Missiles
 d - 7 poisoned bolts
 h - 50 sling bullets
 E - 21 bolts
 Z - 298 stones (quivered)
Armour
 m - a +1 ring mail (worn)
 w - a +2 cloak (worn)
 y - a +0 helmet (worn)
Jewellery
 B - a ring of stealth (left hand)
Magical devices
 u - a wand of flame (24)
 F - a wand of frost (31)
 K - a wand of frost (20)
Scrolls
 g - 2 scrolls of teleportation
 j - 3 scrolls of enchant armour
 l - 3 scrolls of remove curse
 A - a scroll of amnesia {unknown}
Potions
 c - a potion of lignification
 e - 2 potions of might
 i - a potion of brilliance
 o - 2 potions of flight
 q - a potion of ambrosia
 t - a potion of restore abilities
 D - a potion of haste
 H - a potion of poison {unknown}
 J - a potion of heal wounds {unknown}
Books
 s - a book of Cantrips
 C - an Akashic Record {highlevel, unknown}
Comestibles
 f - 4 bread rations
 n - 2 meat rations
 p - 2 slices of pizza
 r - 7 fruits
 I - a beef jerky


   Skills:
 - Level 1.7 Fighting
 + Level 7.4 Short Blades
 + Level 6.1 Armour
 + Level 2.4 Dodging
 - Level 1.0 Stealth
 - Level 1.0 Evocations


You had 7 spell levels left.
You didn't know any spells.

Dungeon Overview and Level Annotations

Branches:
Dungeon (5/15)
 Temple: D:4-7


Innate Abilities, Weirdness & Mutations

Your attributes are resistant to harm.


Message History

Evoke which item? (* to show all) (? for menu, Esc to quit)
Zapping:
u - a wand of flame (will waste charges)
Press: ? - help, Shift-Dir - straight line, f - killer bee zombie
Aim: a killer bee zombie The puff of flame hits the killer bee zombie.
Evoking this partially-identified wand wasted a few charges.
The killer bee zombie hits you.
* * * LOW HITPOINT WARNING * * *
Drink which item? (? for menu, Esc to quit)
You feel agile all of a sudden. The killer bee zombie hits you.
* * * LOW HITPOINT WARNING * * *
The killer bee zombie completely misses you.
Read which item? (? for menu, Esc to quit)
As you read the scroll of teleportation, it crumbles to dust.
You feel strangely unstable.
The killer bee zombie completely misses you.
Drink which item? (? for menu, Esc to quit)
You feel yourself speed up. The killer bee zombie hits you!
You die...

##############
######............#########
#......##########.........#
#......############...((...
#...................#####.#
#........Z@.....##..((.(..#
#.......#######.#.....##((#
###.....# #.........#..
#.#.#.# #............
#...>.# #............
#.#.#.# #...........#
#.....# ##...........
###.#.# ##.......... #<#.#
##....##.#.


You could see a killer bee zombie.

Vanquished Creatures
  A sky beast (D:5)
  Purgy (Sewer)
  A phantom (D:5)
  2 ogres (D:5)
  A centaur (D:5)
  A scorpion (D:4)
  2 jellies (D:5)
  2 crimson imps (D:5)
  Crazy Yiuf (D:4)
  An orc priest (D:4)
  2 iguanas (D:4)
  2 orc wizards
  3 hounds
  Ijyb (D:4)
  5 adders
  4 gnolls (D:3)
  4 giant mites
  2 worms
  An adder zombie (D:4)
  2 oozes
  4 giant geckos
  19 orcs
  10 bats
  10 hobgoblins
  A quokka (D:2)
  2 ball pythons (D:4)
  6 giant cockroaches
  7 giant newts
  11 goblins
  14 kobolds
  14 rats
137 creatures vanquished.

Vanquished Creatures (others)
  A giant newt (D:1)
1 creature vanquished.

Grand Total: 138 creatures vanquished

Notes
Turn   | Place    | Note
--------------------------------------------------------------
     0 | D:1      | Gorice, the Demigod Wanderer, began the quest for the Orb.
     0 | D:1      | Gorice set off with: a +2 short sword, a scroll of teleportation, a potion of lignification, a +0 robe, a bread ration
     0 | D:1      | Reached XP level 1. HP: 17/17 MP: 2/2
    66 | D:1      | Reached skill level 2 in Dodging
   161 | D:1      | Reached XP level 2. HP: 12/24 MP: 3/3
   406 | D:1      | Reached skill level 4 in Short Blades
   674 | D:2      | Reached skill level 1 in Armour
   708 | D:2      | Reached XP level 3. HP: 27/29 MP: 5/5
  1593 | D:3      | Reached skill level 2 in Armour
  1593 | D:3      | Reached XP level 4. HP: 26/36 MP: 7/7
  1719 | D:3      | Found a glowing drain.
  1723 | Sewer    | Entered a sewer
  1769 | Sewer    | Noticed Purgy
  1777 | Sewer    | Killed Purgy
  1777 | Sewer    | Reached skill level 5 in Short Blades
  1777 | Sewer    | Reached skill level 3 in Armour
  1777 | Sewer    | Reached XP level 5. HP: 36/41 MP: 8/8
  2388 | D:3      | Reached XP level 6. HP: 38/48 MP: 11/11
  2652 | D:4      | Noticed Ijyb
  2671 | D:4      | Killed Ijyb
  2810 | D:4      | Found a shattered altar of Ashenzari.
  2900 | D:4      | Noticed Crazy Yiuf
  2919 | D:4      | Killed Crazy Yiuf
  3097 | D:4      | Reached skill level 4 in Armour
  3227 | D:4      | Reached skill level 6 in Short Blades
  3415 | D:4      | Reached XP level 7. HP: 38/53 MP: 13/13
  3899 | D:5      | Entered Level 5 of the Dungeon
  3899 | D:5      | Found a glowing golden altar of the Shining One.
  3983 | D:5      | Reached skill level 5 in Armour
  4021 | D:5      | Found a burning altar of Makhleb.
  4197 | D:5      | Reached skill level 7 in Short Blades
  4482 | D:5      | Reached skill level 6 in Armour
  4546 | D:5      | Reached XP level 8. HP: 60/60 MP: 14/14
  4598 | D:5      | Slain by a killer bee zombie

Action                   |  1- 3 |  4- 6 |  7- 9 || total
-------------------------+-------+-------+-------++-------
Melee: Short sword       |   146 |   147 |    57 ||   350
       Dagger            |       |    65 |    23 ||    88
 Fire: Hunting sling     |    15 |    63 |    44 ||   122
Throw: Stone             |    10 |     1 |     1 ||    12
Evoke: Wand              |       |       |     2 ||     2
  Use: Scroll            |     8 |     6 |     3 ||    17
       Potion            |       |     2 |     2 ||     4
 Stab: Sleeping          |       |     4 |     2 ||     6
  Eat: Chunk             |     2 |     6 |     3 ||    11

Table legend:
 A = Turns spent in this place as a percentage of turns spent in the entire game.
 B = Non-inter-level travel turns spent in this place as a percentage of non-inter-level travel turns spent in the entire game.
 C = Inter-level travel turns spent in this place as a percentage of turns spent in this place.
 D = Turns resting spent in this place as a percentage of non-inter-level travel turns spent in this place.
 E = Turns spent auto-exploring this place as a percentage of non-inter-level travel turns spent in this place.
 F = Non-inter-level travel turns spent in this place divided by the number of levels of this place that you've seen.
                   A       B       C       D       E      F
               +-------+-------+-------+-------+-------+----------------------
         Total | 100.0 | 100.0 |   0.2 |   0.5 |   3.7 | 427.7
       Dungeon |  94.6 |  94.5 |   0.2 |   0.5 |   3.9 | 485.2
         Sewer |   5.4 |   5.5 |   0.0 |   0.0 |   0.7 | 140.0
               +-------+-------+-------+-------+-------+----------------------

Vault maps used:
D:1:      shiori_arrival_oz
D:2:      first_bread, grunt_decor_arrowhead
D:3:      gup_sewer_entry_spiral
D:4:      wad_river_or_something, old_standard_altar, uniq_crazy_yiuf_cottage,
          uniq_iyjb
D:5:      makhleb_blood_cavern_becter, basic_altar
Sewer:    kennysheep_door_sewer
